[Event "Titled Tuesday Blitz June 20 Early 2023"]
[White "Rosenberg, Evan S"]
[Black "Zaragatski, Ilja"]
[WhiteFideId "2019299"]
[BlackFideId "4655192"]
[WhiteElo "2345"]
[BlackElo "2460"]
[Result "0-1"]
[Round "4"]
[TimeControl "180+2"]
[Date "2023.06.20"]
[WhiteClock "0:00:51"]
[BlackClock "0:00:23"]
[Board "164"]

1. d4 d6 2. e4 Nf6 3. Nc3 e5 4. dxe5 dxe5 5. Qxd8+ Kxd8 6. Bc4 Ke8 7. f4 Bd6 8. Nf3 Nbd7 9. f5 c6 10. g4 b5 11. Bd3 Nc5 12. g5 Nh5 13. Be3 Nxd3+ 14. cxd3 a6 15. O-O-O c5 16. Nd5 Bb7 17. Kb1 Rc8 18. Rc1 Nf4 19. Nxf4 exf4 20. Bf2 Kd7 21. Rhe1 Rhe8 22. Ng1 c4 23. dxc4 Bxe4+ 24. Ka1 Rxc4 25. Rxc4 bxc4 26. f6 gxf6 27. gxf6 f3 28. Rd1 Kc6 29. h3 Rg8 30. Rd4 Bd5 31. Rg4 Rxg4 32. hxg4 Bc5 33. Nh3 Be6 34. Bxc5 Kxc5 35. Nf2 Kd4 36. g5 Ke3 0-1


[Site "https://www.chess.com"]

[Event "Titled Tuesday Blitz June 20 Early 2023"]
[White "Lehtosaari, Mauri"]
[Black "Ovezdurdyyeva, Jemal"]
[WhiteFideId "501999"]
[BlackFideId "14001888"]
[WhiteElo "2501"]
[BlackElo "2069"]
[Result "1-0"]
[Round "4"]
[TimeControl "180+2"]
[Date "2023.06.20"]
[WhiteClock "0:00:06"]
[BlackClock "0:00:00"]
[Board "165"]

1. d4 Nf6 2. Nf3 e6 3. Bg5 Be7 4. Nbd2 d5 5. e3 O-O 6. Bd3 c5 7. c3 Nc6 8. O-O Qc7 9. Bh4 e5 10. dxe5 Nxe5 11. Nxe5 Qxe5 12. Bg3 Qe6 13. a4 Qb6 14. Qc2 Bg4 15. a5 Qe6 16. Rfe1 a6 17. c4 Rfd8 18. Bc7 Rd7 19. Bb6 dxc4 20. Bxc4 Qf5 21. Qxf5 Bxf5 22. Nf3 Bd6 23. Rad1 Be4 24. Ng5 Bg6 25. f3 Bf8 26. e4 Re8 27. Nh3 Bd6 28. b3 h6 29. Nf2 Bf8 30. g3 Be7 31. Kg2 Bd8 32. Bxc5 Bxa5 33. b4 Bc7 34. Bb3 b6 35. Be3 a5 36. bxa5 bxa5 37. Ra1 Ra8 38. Ba4 Rdd8 39. Bc6 Ra6 40. Bb5 Raa8 41. Rec1 Be5 42. Rab1 a4 43. Bc6 Ra6 44. Bb7 Rad6 45. Bc5 R6d7 46. Bc6 Rc7 47. Be3 Rdc8 48. Bxa4 Rxc1 49. Rxc1 Rxc1 50. Bxc1 Bd4 51. Bc2 Nd7 52. Ng4 Ne5 53. Nxe5 Bxe5 54. f4 Bc7 55. Kf3 f6 56. h3 Bf7 57. Bd3 Kf8 58. Be3 Ke7 59. Bc5+ Bd6 60. Bxd6+ Kxd6 61. Ke3 Be6 62. h4 Bg4 63. Kd4 Bd7 64. Bc4 Bc6 65. e5+ fxe5+ 66. fxe5+ Ke7 67. Kc5 Be8 68. Kd4 Bc6 69. Ke3 Bd7 70. Kf4 Bc8 71. Bd3 Bd7 72. Bf5 Be8 73. Ke4 Bc6+ 74. Kd4 Be8 75. Ke3 Bc6 76. Kf4 Be8 77. g4 Bf7 78. g5 hxg5+ 79. Kxg5 Be8 80. Bg6 Bd7 81. Bf5 Be8 82. Bg4 Bf7 83. e6 Be8 84. Bf5 Bc6 85. Kg6 Bf3 86. Kxg7 Be2 87. Kg6 1-0


[Site "https://www.chess.com"]

[Event "Titled Tuesday Blitz June 20 Early 2023"]
[White "Cardozo Munar, Carlos Eduardo"]
[Black "Kuznetsova, Olga"]
[WhiteFideId "4409477"]
[BlackFideId "4191323"]
[WhiteElo "2067"]
[BlackElo "2134"]
[Result "0-1"]
[Round "4"]
[TimeControl "180+2"]
[Date "2023.06.20"]
[WhiteClock "0:00:31"]
[BlackClock "0:01:24"]
[Board "166"]

1. d4 Nf6 2. Bg5 d6 3. Nd2 Nbd7 4. e4 h6 5. Bh4 e5 6. c3 Be7 7. Ngf3 O-O 8. Bc4 c6 9. O-O exd4 10. cxd4 Nxe4 11. Bxe7 Qxe7 12. Re1 d5 13. Nxe4 dxe4 14. Nd2 Nf6 15. Qe2 Re8 16. Bd3 Qb4 17. Nxe4 Nxe4 18. Bxe4 Bf5 19. Qf3 Bxe4 20. Rxe4 Qxb2 21. Rae1 Rxe4 22. Qxe4 Qxa2 23. Qe7 Qb3 24. h4 a5 25. Re5 a4 26. Rf5 a3 27. Kh2 a2 28. d5 Rf8 29. d6 a1=Q 30. d7 Qd4 31. g3 Qe6 0-1


[Site "https://www.chess.com"]

[Event "Titled Tuesday Blitz June 20 Early 2023"]
[White "Bueno, Alfeu Junior Varela"]
[Black "Zheenbekov, Nurgazy"]
[WhiteFideId "2108879"]
[BlackFideId "13800485"]
[WhiteElo "2175"]
[BlackElo "1975"]
[Result "1-0"]
[Round "4"]
[TimeControl "180+2"]
[Date "2023.06.20"]
[WhiteClock "0:00:05"]
[BlackClock "0:00:00"]
[Board "167"]

1. e4 e5 2. Nc3 Nf6 3. f4 d5 4. fxe5 Nxe4 5. Qf3 Bc5 6. Nxe4 dxe4 7. Qxe4 O-O 8. Nf3 Bb6 9. d4 f5 10. Bc4+ Kh8 11. Qd5 Qe8 12. Be3 c6 13. Qd6 Na6 14. O-O-O Bc7 15. Qa3 b5 16. Bd3 Nb8 17. Rdf1 a5 18. Nh4 b4 19. Qb3 Be6 20. Bc4 a4 21. Qxb4 Ba5 22. Qc5 Nd7 23. Qxc6 Bxc4 24. Qxc4 a3 25. b3 Rc8 26. Qb5 Bc3 27. Rxf5 Rxf5 28. Nxf5 Bb2+ 29. Kb1 Qe6 30. Nd6 Rf8 31. Qe2 Nb6 32. Bc1 Nd5 33. Nb5 Qa6 34. Bxb2 axb2 35. c4 Ra8 36. a4 Qxb5 37. axb5 Nc3+ 38. Kxb2 Nxe2 39. Rd1 Kg8 40. b6 Rb8 41. c5 Kf7 42. Rd2 Ng1 43. c6 Rxb6 44. c7 Rc6 45. Rc2 Rxc2+ 46. Kxc2 Ne2 47. c8=Q Nxd4+ 48. Kd3 1-0


[Site "https://www.chess.com"]

[Event "Titled Tuesday Blitz June 20 Early 2023"]
[White "Shapiro, Daniel"]
[Black "Goltseva, Ekaterina"]
[WhiteFideId "2001780"]
[BlackFideId "24173770"]
[WhiteElo "2334"]
[BlackElo "2114"]
[Result "0-1"]
[Round "4"]
[TimeControl "180+2"]
[Date "2023.06.20"]
[WhiteClock "0:00:00"]
[BlackClock "0:00:16"]
[Board "168"]

1. d4 d5 2. c4 dxc4 3. e4 b5 4. a4 c6 5. b3 e5 6. axb5 cxb5 7. bxc4 Qxd4 8. Qxd4 exd4 9. cxb5 Nf6 10. Bc4 Bb7 11. f3 Nbd7 12. Ne2 Bb4+ 13. Bd2 Bc5 14. Nf4 Nb6 15. Be2 O-O 16. Nd3 Be7 17. Bb4 Bxb4+ 18. Nxb4 Nfd7 19. O-O Nc5 20. Rd1 f5 21. e5 f4 22. Rxd4 Nb3 23. Rc4 Nxa1 24. Rc7 Rf7 25. Rc3 Rc8 26. Nc6 Rfc7 27. Nd2 Bxc6 28. bxc6 Rxc6 29. Ra3 Nc2 30. Rxa7 Nd4 31. Bd3 Rc1+ 32. Kf2 Rd1 0-1


[Site "https://www.chess.com"]

[Event "Titled Tuesday Blitz June 20 Early 2023"]
[White "Afanasieva, Alexandra"]
[Black "Czerw, Dawid"]
[WhiteFideId "34126926"]
[BlackFideId "1145746"]
[WhiteElo "1736"]
[BlackElo "2144"]
[Result "0-1"]
[Round "4"]
[TimeControl "180+2"]
[Date "2023.06.20"]
[WhiteClock "0:00:07"]
[BlackClock "0:02:17"]
[Board "169"]

1. e4 c5 2. Nf3 Nc6 3. Bb5 e6 4. Bxc6 bxc6 5. O-O Ne7 6. d3 d6 7. Bg5 f6 8. Be3 e5 9. c4 g5 10. Nxg5 fxg5 11. Bxg5 Be6 12. f4 exf4 13. Rxf4 Qd7 14. Nc3 Ng6 15. Rf1 Bg7 16. Qh5 Bd4+ 17. Kh1 Rg8 18. h3 Qg7 19. Rf3 Kd7 20. Raf1 Ne5 21. Rg3 Raf8 22. Bf4 Qxg3 23. Bxg3 0-1


[Site "https://www.chess.com"]

[Event "Titled Tuesday Blitz June 20 Early 2023"]
[White "Vaglio Munoz, Jaime"]
[Black "Ginzburg, Yakov"]
[WhiteFideId "6500145"]
[BlackFideId "4157176"]
[WhiteElo "2199"]
[BlackElo "2305"]
[Result "0-1"]
[Round "4"]
[TimeControl "180+2"]
[Date "2023.06.20"]
[WhiteClock "0:00:02"]
[BlackClock "0:01:13"]
[Board "170"]

1. Nf3 Nf6 2. c4 c6 3. b3 g6 4. Bb2 Bg7 5. g3 O-O 6. Bg2 d5 7. O-O Bg4 8. d3 Nbd7 9. Re1 Qc7 10. e4 dxe4 11. dxe4 e5 12. h3 Bxf3 13. Qxf3 Nc5 14. Nc3 Rad8 15. Rad1 Ne6 16. Ne2 a5 17. Ba3 Rfe8 18. c5 Rxd1 19. Rxd1 Rd8 20. Rd6 Ne8 21. Rd3 Qe7 22. Rxd8 Qxd8 23. Qc3 Qd1+ 24. Bf1 Ng5 25. Qxa5 Nf3+ 26. Kg2 Nd2 27. Ng1 Qxf1+ 28. Kh1 Nf3 29. Qe1 Qxe1 30. Kg2 Nd2 31. Nf3 Qf1+ 32. Kh2 Nxf3# 0-1


[Site "https://www.chess.com"]

[Event "Titled Tuesday Blitz June 20 Early 2023"]
[White "Lucas, Arthur"]
[Black "Vifleemskaia, Svetlana"]
[WhiteFideId "26093073"]
[BlackFideId "4129490"]
[WhiteElo "2251"]
[BlackElo "1930"]
[Result "1-0"]
[Round "4"]
[TimeControl "180+2"]
[Date "2023.06.20"]
[WhiteClock "0:00:15"]
[BlackClock "0:00:00"]
[Board "171"]

1. d4 Nf6 2. Nf3 d5 3. Bf4 c5 4. e3 Nc6 5. Nbd2 Bg4 6. Bb5 a6 7. Bxc6+ bxc6 8. dxc5 e6 9. b4 a5 10. a3 Nd7 11. h3 Bh5 12. g4 Bg6 13. Ne5 Nxe5 14. Bxe5 f6 15. Bb2 e5 16. Nb3 axb4 17. axb4 Rxa1 18. Bxa1 Qb8 19. Bc3 Qb5 20. Na5 Kd7 21. f3 Be7 22. Kf2 Kc7 23. Qd2 Rd8 24. Ra1 h5 25. Nb3 Rb8 26. Ra5 Qc4 27. Ra7+ Kd8 28. Na5 Qb5 29. gxh5 Bxh5 30. e4 d4 31. Bxd4 Qxb4 32. Bc3+ 1-0


[Site "https://www.chess.com"]

[Event "Titled Tuesday Blitz June 20 Early 2023"]
[White "Jiganchine, Roman"]
[Black "Reprintsev, Alexander"]
[WhiteFideId "2603667"]
[BlackFideId "14100541"]
[WhiteElo "2313"]
[BlackElo "2229"]
[Result "1-0"]
[Round "4"]
[TimeControl "180+2"]
[Date "2023.06.20"]
[WhiteClock "0:00:06"]
[BlackClock "0:00:18"]
[Board "172"]

1. e4 d5 2. exd5 Qxd5 3. Nc3 Qa5 4. Bc4 Nf6 5. d3 Bg4 6. f3 Be6 7. Bd2 Bxc4 8. dxc4 Qc5 9. Qe2 Nc6 10. Be3 Nd4 11. Bxd4 Qxd4 12. Rd1 Qc5 13. Nh3 e6 14. Nf2 Bd6 15. O-O O-O-O 16. a3 Qe5 17. g3 Qxe2 18. Nxe2 Bc5 19. b4 Be3 20. Kg2 c5 21. Rd3 Bxf2 22. Kxf2 Rxd3 23. cxd3 Rd8 24. Ke3 Nd7 25. d4 b6 26. Rd1 Kc7 27. Rd3 cxb4 28. axb4 a5 29. b5 e5 30. Nc3 exd4+ 31. Rxd4 Re8+ 32. Kf2 Nf6 33. g4 h6 34. h4 Re5 35. Na4 Nd7 36. Nc3 Nc5 37. Nd5+ Kb7 38. Kg3 a4 39. Nb4 Re3 40. Nc6 a3 41. Rd8 a2 42. Rb8+ Kc7 43. Ra8 Re2 44. Nb4 Nd3 45. Nxd3 g5 46. hxg5 hxg5 47. Nb4 Rb2 48. Nxa2 Rb3 49. Nc1 Rc3 50. Ne2 Rxc4 51. Ra7+ Kd6 52. Rxf7 Rc5 53. Rf5 Rc2 54. Nd4 Rd2 55. Nb3 Rd3 56. Nc1 Re3 57. Kf2 Rc3 58. Ne2 Rc4 59. Rxg5 Rb4 60. Rf5 Ke6 61. Ng3 Rb2+ 62. Ke3 Rb3+ 63. Kf4 Rb4+ 64. Ne4 Rb3 65. g5 Rb1 66. Rf6+ Kd5 67. Rxb6 1-0


[Site "https://www.chess.com"]

[Event "Titled Tuesday Blitz June 20 Early 2023"]
[White "Ardila, Oscar Humberto"]
[Black "Aggelis, Nikolaos"]
[WhiteFideId "4404742"]
[BlackFideId "4213220"]
[WhiteElo "1912"]
[BlackElo "2189"]
[Result "0-1"]
[Round "4"]
[TimeControl "180+2"]
[Date "2023.06.20"]
[WhiteClock "0:00:02"]
[BlackClock "0:01:24"]
[Board "173"]

1. d4 f5 2. c4 Nf6 3. Nc3 g6 4. Nf3 Bg7 5. g3 O-O 6. Bg2 d6 7. d5 c6 8. O-O e5 9. dxe6 Bxe6 10. Qa4 Qc7 11. Bf4 Nh5 12. Bg5 h6 13. Bd2 Na6 14. b4 Bxc4 15. Rac1 d5 16. Rfe1 Rae8 17. e3 Kh7 18. Nd4 Qe7 19. a3 Nf6 20. b5 Nc5 21. Qxa7 Nd3 22. bxc6 bxc6 23. Qxe7 Rxe7 24. Nxc6 Rc7 25. Nd4 Nxe1 26. Bxe1 Rfc8 27. Rb1 Ne4 28. Nxe4 fxe4 29. Ne6 Bd3 30. Nxc7 Bxb1 31. Ba5 Be5 32. Nxd5 Rc1+ 33. Bf1 Bd3 34. h3 Bxf1 35. Kh2 Be2 36. Nf4 Bf3 37. Ng2 Rc2 38. Kg1 Rc1+ 39. Kh2 Ra1 40. Bb4 Bxg2 41. Kxg2 Bb2 42. g4 Bxa3 43. Bc3 Rc1 44. Bd4 Rc2 45. Kg3 g5 46. h4 Kg6 47. h5+ Kf7 48. Be5 Bb4 49. Bd4 Be1 50. Bb6 Rxf2 51. Kh3 Rf3+ 52. Kg2 Bf2 53. Bd4 Bxe3 54. Be5 Bf4 55. Bd4 Rg3+ 56. Kf2 Rxg4 57. Ke2 Rh4 58. Bc5 Rxh5 59. Kf1 Rh3 60. Kg1 Rd3 61. Kg2 Kg6 62. Kf2 Kf5 63. Ke2 h5 64. Kf2 h4 65. Kg2 g4 66. Bb6 Rg3+ 67. Kf1 h3 68. Kf2 Rg2+ 69. Kf1 Bg3 70. Be3 Bf4 71. Bd4 e3 72. Bc3 Ke4 73. Bb4 Kf3 74. Be1 h2 75. Bf2 Rxf2+ 76. Ke1 g3 0-1


[Site "https://www.chess.com"]

[Event "Titled Tuesday Blitz June 20 Early 2023"]
[White "Theytookourjobs"]
[Black "Khamdamova, Afruza"]
[BlackFideId "14210444"]
[WhiteElo "2312"]
[BlackElo "2312"]
[Result "0-1"]
[Round "4"]
[TimeControl "180+2"]
[Date "2023.06.20"]
[WhiteClock "0:00:01"]
[BlackClock "0:00:31"]
[Board "174"]

1. d4 Nf6 2. Bf4 d5 3. e3 c5 4. Nc3 a6 5. Nf3 e6 6. h3 Nc6 7. Bd3 Bd6 8. Bxd6 Qxd6 9. dxc5 Qxc5 10. O-O O-O 11. e4 dxe4 12. Nxe4 Nxe4 13. Bxe4 e5 14. Re1 Re8 15. Bxc6 bxc6 16. Rxe5 Rxe5 17. Nxe5 Bf5 18. Nd3 Qd5 19. Nb4 Qc4 20. c3 a5 21. Nc2 Qb5 22. Nd4 Qd5 23. Nxf5 Qxf5 24. Qd4 h6 25. Re1 Rb8 26. Re5 Qb1+ 27. Kh2 Qxb2 28. Rxa5 Re8 29. Ra7 Qb8+ 30. g3 Qb2 31. Qf4 Rf8 32. Qe3 Qc2 33. a4 Rd8 34. Qf3 Qg6 35. Rc7 Rd6 36. a5 Rf6 37. Qg2 Qc2 38. Rxc6 Rxf2 0-1


[Site "https://www.chess.com"]

[Event "Titled Tuesday Blitz June 20 Early 2023"]
[White "Yeritsyan, Hayk"]
[Black "Zhukov, Maksim"]
[WhiteFideId "13307320"]
[BlackFideId "34181790"]
[WhiteElo "2492"]
[BlackElo "1925"]
[Result "0-1"]
[Round "4"]
[TimeControl "180+2"]
[Date "2023.06.20"]
[WhiteClock "0:00:00"]
[BlackClock "0:00:36"]
[Board "175"]

1. Nf3 Nf6 2. g3 b5 3. d4 Bb7 4. Bg2 e6 5. O-O d6 6. a4 a6 7. Na3 b4 8. Nc4 a5 9. c3 bxc3 10. bxc3 Nbd7 11. Rb1 Nb6 12. Nxb6 cxb6 13. Qb3 Bc6 14. Nd2 Bxg2 15. Kxg2 Rb8 16. e4 Be7 17. Qb5+ Qd7 18. Qxd7+ Nxd7 19. Ba3 O-O 20. Rfc1 Rfc8 21. e5 Bf8 22. exd6 Rc6 23. Rb5 Bxd6 24. Bxd6 Rxd6 25. Rcb1 Rc6 26. c4 Rbc8 27. Kf3 f5 28. Ke3 Kf7 29. f4 Kf6 30. h3 h5 31. Kd3 Rd8 32. Kc3 g6 33. Nf1 Rdc8 34. Ne3 Rd6 35. h4 Kf7 36. Nf1 Rdc6 37. Nd2 Nf6 38. Rxb6 Nd5+ 39. Kd3 Nxb6 40. Rb5 Nxc4 41. Nf3 Kf6 42. Rb7 R8c7 43. Rb8 Rd7 44. Rf8+ Kg7 45. Re8 Nb2+ 46. Ke3 Rc3+ 47. Kf2 Nd1+ 48. Kg2 Rxf3 49. Kxf3 Rxd4 50. Rxe6 Rxa4 51. Rc6 Nb2 52. Ke3 Nc4+ 53. Kd4 Nb6+ 54. Ke5 Re4+ 55. Kd6 Nc4+ 56. Kd5 Ne3+ 57. Kd6 a4 58. Ra6 a3 59. Kd7 Nc2 60. Ra7 Kh6 61. Kd6 Re2 62. Kd7 Rd2+ 63. Ke8 Rd3 64. Kf8 Nb4 65. Kg8 Rd8+ 66. Kf7 a2 67. Kf6 Rd1 0-1


[Site "https://www.chess.com"]

[Event "Titled Tuesday Blitz June 20 Early 2023"]
[White "Samaganova, Aleksandra"]
[Black "Przybylski, Wojciech"]
[WhiteFideId "13800221"]
[BlackFideId "1117599"]
[WhiteElo "1858"]
[BlackElo "2228"]
[Result "1/2-1/2"]
[Round "4"]
[TimeControl "180+2"]
[Date "2023.06.20"]
[WhiteClock "0:00:07"]
[BlackClock "0:00:08"]
[Board "176"]

1. c4 c5 2. Nc3 Nc6 3. g3 g6 4. Bg2 Bg7 5. e3 e6 6. Nge2 Nge7 7. O-O O-O 8. d4 b6 9. d5 exd5 10. cxd5 Nb4 11. a3 Na6 12. d6 Nc6 13. e4 c4 14. f4 Nc5 15. e5 Nd3 16. Nd5 b5 17. Ne7+ Kh8 18. Nc3 Qb6+ 19. Kh1 Nf2+ 20. Rxf2 Qxf2 21. Ne4 Qb6 22. Qe1 Bb7 23. Be3 Qd8 24. Nc5 Rb8 25. Nxb7 Rxb7 26. Nxc6 dxc6 27. Bxc6 Qc8 28. Bxb7 Qxb7+ 29. Kg1 g5 30. Qf2 gxf4 31. Bxf4 a5 32. Rd1 b4 33. axb4 axb4 34. Qd4 c3 35. bxc3 b3 36. c4 Qd7 37. Rb1 Rb8 38. Rb2 Qg4 39. Kg2 Qe6 40. c5 f6 41. d7 Rd8 42. Qd6 Qf5 43. e6 Qe4+ 44. Kh3 Bf8 45. Qd2 Qxe6+ 46. Kg2 Rxd7 47. Qe2 Qd5+ 48. Qf3 Qxc5 49. Rxb3 Rd8 50. Re3 Bg7 51. Re2 f5 52. Be3 Qb5 53. Rf2 Re8 54. Bf4 Qc4 55. h3 h6 56. g4 Rf8 57. g5 hxg5 58. Bxg5 Kg8 59. Qh5 f4 60. Qf3 Be5 61. h4 Qd4 62. Qg4 Rf7 63. Bh6+ Kh7 64. Bg5 Rg7 65. Qh5+ Kg8 66. Qe8+ Kh7 67. Qh5+ Kg8 68. Qg4 Qe4+ 69. Qf3 Qf5 70. Qd5+ Kh7 71. Qf3 Bf6 72. Qh5+ Kg8 73. Qe8+ Kh7 74. Qh5+ Kg8 75. Qe8+ Kh7 76. Qh5+ 1/2-1/2


[Site "https://www.chess.com"]

[Event "Titled Tuesday Blitz June 20 Early 2023"]
[White "Rios Escobar, Adan"]
[Black "mestrefeitosa19"]
[WhiteFideId "3403645"]
[WhiteElo "2486"]
[BlackElo "2307"]
[Result "1-0"]
[Round "4"]
[TimeControl "180+2"]
[Date "2023.06.20"]
[WhiteClock "0:00:03"]
[BlackClock "0:00:00"]
[Board "177"]

1. d4 d5 2. g3 e6 3. Bg2 Nf6 4. c4 Be7 5. Nf3 O-O 6. O-O dxc4 7. Qc2 a6 8. a4 Nbd7 9. Rd1 a5 10. Na3 Nb6 11. Nxc4 Bd7 12. Nxb6 cxb6 13. Ne5 Rc8 14. Qb3 Bc6 15. Nxc6 bxc6 16. Bd2 Nd5 17. Rac1 Qd7 18. e4 Nb4 19. Be3 Rfd8 20. h4 h6 21. Bf3 b5 22. Kg2 Rb8 23. Bf4 Bd6 24. Be3 Qb7 25. axb5 Qxb5 26. e5 Bf8 27. Rd2 Nd5 28. Qd1 Bb4 29. Rdc2 Rb6 30. Be2 Qa4 31. Bc4 Be7 32. Ra1 Nxe3+ 33. fxe3 Qb4 34. b3 Rbb8 35. Rca2 Ra8 36. Qg4 Qb6 37. Rf1 Bf8 38. Raf2 Ra7 39. Rxf7 Rxf7 40. Rxf7 Re8 41. Bxe6 1-0


[Site "https://www.chess.com"]

[Event "Titled Tuesday Blitz June 20 Early 2023"]
[White "Vafin, Ayrat"]
[Black "MAHanif"]
[WhiteFideId "4146530"]
[WhiteElo "2317"]
[BlackElo "2301"]
[Result "0-1"]
[Round "4"]
[TimeControl "180+2"]
[Date "2023.06.20"]
[WhiteClock "0:00:00"]
[BlackClock "0:00:45"]
[Board "178"]

1. d4 Nf6 2. Bf4 d5 3. e3 Bf5 4. Bd3 Bxd3 5. Qxd3 e6 6. Qb5+ Nbd7 7. Nf3 Qc8 8. c4 a6 9. Qb3 dxc4 10. Qxc4 Bd6 11. O-O O-O 12. Bg3 Nb6 13. Qe2 Re8 14. Rc1 Qd7 15. Ne5 Qe7 16. Nd2 c6 17. Nb3 Rad8 18. Na5 Ne4 19. Nexc6 bxc6 20. Nxc6 Qb7 21. Nxd8 Rxd8 22. Bxd6 Nxd6 23. Rc2 g6 24. Rac1 Nd5 25. a3 Qb3 26. Qxa6 Nxe3 27. fxe3 Qxe3+ 28. Kh1 Ne4 29. Qe2 Qxd4 30. Rf1 f5 31. Qc4 Nf2+ 32. Rfxf2 Qxc4 33. h3 Qd5 34. Kh2 Qe5+ 35. g3 Rd3 36. Rg2 Kg7 37. Rce2 Qd6 38. Ref2 h5 39. h4 e5 0-1


[Site "https://www.chess.com"]

[Event "Titled Tuesday Blitz June 20 Early 2023"]
[White "Papayan, Oleg"]
[Black "Slovineanu, Viacheslav"]
[WhiteFideId "4193911"]
[BlackFideId "13900510"]
[WhiteElo "2167"]
[BlackElo "2312"]
[Result "1-0"]
[Round "4"]
[TimeControl "180+2"]
[Date "2023.06.20"]
[WhiteClock "0:00:20"]
[BlackClock "0:00:00"]
[Board "179"]

1. e4 e5 2. Nf3 f5 3. Nxe5 Qf6 4. d4 d6 5. Nc4 fxe4 6. Nc3 Qg6 7. d5 Nf6 8. Be3 Nbd7 9. Nb5 Kd8 10. Qd2 Ng4 11. O-O-O Be7 12. Qa5 b6 13. Qb4 Nxe3 14. Nxe3 Bg5 15. Nd4 Ne5 16. Kb1 Bxe3 17. fxe3 Bg4 18. Re1 a5 19. Qb5 Bd7 20. Qb3 Rf8 21. Bb5 Rf2 22. Bxd7 Kxd7 23. Qb5+ Ke7 24. Nc6+ Nxc6 25. Qxc6 Rc8 26. g3 Qf7 27. Qc4 Qf3 28. Qd4 Rf8 29. Qxg7+ Rf7 30. Qg5+ Kd7 31. a3 Kc8 32. h3 Qg2 33. Qg4+ Kb7 34. Rc1 R7f3 35. Qd7 Rf7 36. Qc6+ Kb8 37. Rhd1 Qxg3 38. Rd4 Qxe3 39. Rc4 Rf1 40. Rxf1 Rxf1+ 41. Ka2 1-0


[Site "https://www.chess.com"]

[Event "Titled Tuesday Blitz June 20 Early 2023"]
[White "Sarkar, Justin"]
[Black "Baches Garcia, Guillermo"]
[WhiteFideId "2010011"]
[BlackFideId "2209764"]
[WhiteElo "2151"]
[BlackElo "2477"]
[Result "0-1"]
[Round "4"]
[TimeControl "180+2"]
[Date "2023.06.20"]
[WhiteClock "0:00:00"]
[BlackClock "0:01:10"]
[Board "180"]

1. e4 c5 2. Nf3 Nc6 3. d4 cxd4 4. Nxd4 e5 5. Nb5 d6 6. N1c3 a6 7. Na3 Be6 8. Nc4 Rb8 9. Ne3 Nf6 10. g3 h5 11. h3 g6 12. Bg2 Bh6 13. O-O h4 14. g4 Bf4 15. Ncd5 Bxe3 16. Bxe3 Bxd5 17. exd5 Ne7 18. f4 Nd7 19. fxe5 Nxe5 20. Qd4 Rc8 21. b3 Rxc2 22. Rac1 Rxa2 23. Bf4 O-O 24. Bxe5 dxe5 25. Qxe5 Nc8 26. Rf2 Rxf2 27. Kxf2 Nd6 0-1


[Site "https://www.chess.com"]

[Event "Titled Tuesday Blitz June 20 Early 2023"]
[White "Luna Javier, Edgar Froylan"]
[Black "Zaichenko, Daria"]
[WhiteFideId "5120101"]
[BlackFideId "4197453"]
[WhiteElo "2091"]
[BlackElo "2039"]
[Result "1-0"]
[Round "4"]
[TimeControl "180+2"]
[Date "2023.06.20"]
[WhiteClock "0:00:22"]
[BlackClock "0:00:05"]
[Board "181"]

1. d4 d5 2. Nf3 Nf6 3. g3 e6 4. Bg2 Be7 5. O-O O-O 6. c4 dxc4 7. Ne5 Nc6 8. Nxc6 bxc6 9. Na3 Bxa3 10. bxa3 Qd6 11. Qa4 Qxd4 12. Be3 Qb2 13. Rab1 Qxa2 14. Bxc6 Bd7 15. Bxd7 Nxd7 16. Qxd7 Qxa3 17. Qc6 Qa2 18. Rfc1 Qxe2 19. Qxc4 Qf3 20. Qc6 Qe2 21. Rc2 Qd3 22. Rbc1 a5 23. Qc4 Qf5 24. Qa4 Rfb8 25. Rxc7 h6 26. R7c5 Rb4 27. Qc6 Qe4 28. Qxe4 Rxe4 29. Rc8+ Rxc8 30. Rxc8+ Kh7 31. Ra8 Ra4 32. Kg2 Ra2 33. g4 a4 34. Ra5 Kg6 35. h4 Kh7 36. Ra7 f6 37. Kg3 e5 38. Bc5 Kg8 39. g5 hxg5 40. hxg5 f5 41. g6 f4+ 42. Kg4 1-0


[Site "https://www.chess.com"]

[Event "Titled Tuesday Blitz June 20 Early 2023"]
[White "Francisco_Ferrari"]
[Black "Flynn, Jacob"]
[BlackFideId "2509393"]
[WhiteElo "2269"]
[BlackElo "2053"]
[Result "0-1"]
[Round "4"]
[TimeControl "180+2"]
[Date "2023.06.20"]
[WhiteClock "0:00:00"]
[BlackClock "0:00:34"]
[Board "182"]

1. c4 e6 2. Nf3 d5 3. g3 Nf6 4. Bg2 Be7 5. O-O O-O 6. b3 c5 7. cxd5 Nxd5 8. Bb2 Nc6 9. Nc3 Bf6 10. Rc1 b6 11. Nxd5 Bxb2 12. Rc2 exd5 13. Rxb2 Qf6 14. d4 Be6 15. Rd2 Rac8 16. e3 Rfd8 17. Qe2 h6 18. Rfd1 Rc7 19. Qb5 Rdc8 20. dxc5 bxc5 21. Ne1 d4 22. Bxc6 dxe3 23. fxe3 Rxc6 24. Rf2 Qe5 25. Qd3 c4 26. bxc4 Rxc4 27. Nf3 Qc7 28. Nd4 Qe5 29. Nxe6 Qxe6 30. Rdf1 R4c7 31. Qd4 Re7 32. e4 Rf8 33. Rf5 Qxa2 34. e5 Qe6 0-1


[Site "https://www.chess.com"]

[Event "Titled Tuesday Blitz June 20 Early 2023"]
[White "Santos Flores, Alberto"]
[Black "Nithyalakshmi, Sivanesan"]
[WhiteFideId "3601234"]
[BlackFideId "5706955"]
[WhiteElo "2235"]
[BlackElo "1815"]
[Result "1/2-1/2"]
[Round "4"]
[TimeControl "180+2"]
[Date "2023.06.20"]
[WhiteClock "0:00:05"]
[BlackClock "0:00:08"]
[Board "183"]

1. e4 e6 2. d4 d5 3. Nc3 Nf6 4. e5 Ng8 5. Nce2 c5 6. c3 Bd7 7. Nf3 f6 8. Nf4 a6 9. Bd3 Nc6 10. Qe2 cxd4 11. exf6 Nxf6 12. Nxe6 Bxe6 13. Qxe6+ Qe7 14. Qxe7+ Bxe7 15. cxd4 Bb4+ 16. Kf1 O-O 17. h3 Ne4 18. Be3 Bd6 19. Bc2 Kh8 20. Bb3 Ne7 21. Rc1 Nf5 22. Bxd5 Nxe3+ 23. fxe3 Ng3+ 24. Kf2 Nxh1+ 25. Rxh1 Rac8 26. Re1 Rc2+ 27. Re2 Bg3+ 28. Kxg3 Rxe2 29. e4 Rxb2 30. e5 Rd8 31. Bb3 Re2 32. d5 b5 33. e6 a5 34. Nd4 Re3+ 35. Kf4 Re1 36. Nxb5 Rf8+ 37. Kg3 Re3+ 38. Kh2 Rd8 39. d6 a4 40. e7 Rxd6 41. Bxa4 Rd2 42. Bb3 Rxe7 43. Nc3 h5 44. Kg3 Rc7 45. Ne4 Rd3+ 46. Kf4 Rd4 47. Ke5 Rd1 48. Ng5 Re1+ 49. Kf5 Rd7 50. Kg6 Rf1 51. Kxh5 Rg1 52. g4 Rg2 53. h4 Rdd2 54. Kg6 Rh2 55. Be6 Rde2 56. h5 Rxe6+ 57. Nxe6 Rxa2 58. g5 Ra6 59. Kf7 Ra7+ 60. Kg6 Ra6 61. Kf5 Ra5+ 62. Kg4 Ra4+ 63. Nf4 Kh7 64. Kf5 Ra5+ 65. Kg4 Ra4 66. Kf5 Ra5+ 67. Kg4 Ra4 1/2-1/2


[Site "https://www.chess.com"]

[Event "Titled Tuesday Blitz June 20 Early 2023"]
[White "DanyKopy"]
[Black "SicilianPanzer"]
[WhiteElo "2469"]
[BlackElo "2222"]
[Result "0-1"]
[Round "4"]
[TimeControl "180+2"]
[Date "2023.06.20"]
[WhiteClock "0:00:15"]
[BlackClock "0:00:16"]
[Board "184"]

1. e4 d6 2. d4 Nf6 3. Nc3 g6 4. Be3 c6 5. f3 b5 6. Qd2 Nbd7 7. Bd3 Nb6 8. a4 Nc4 9. Bxc4 bxc4 10. Nge2 Rb8 11. Rb1 Bg7 12. O-O O-O 13. Rfd1 d5 14. e5 Ne8 15. b3 cxb3 16. cxb3 Ba6 17. Nc1 f6 18. f4 fxe5 19. fxe5 Nc7 20. b4 Bc4 21. Nd3 Ne6 22. Nc5 Nxc5 23. bxc5 Qd7 24. Rxb8 Rxb8 25. Bh6 Bxh6 26. Qxh6 Rb3 27. Rb1 Qf5 28. Qc1 Rxc3 29. Rb8+ Kg7 0-1


[Site "https://www.chess.com"]

[Event "Titled Tuesday Blitz June 20 Early 2023"]
[White "Larina, Maria"]
[Black "Bettalli, Francesco"]
[WhiteFideId "24113182"]
[BlackFideId "2816453"]
[WhiteElo "1848"]
[BlackElo "2216"]
[Result "0-1"]
[Round "4"]
[TimeControl "180+2"]
[Date "2023.06.20"]
[WhiteClock "0:00:12"]
[BlackClock "0:02:26"]
[Board "185"]

1. e4 e5 2. Nf3 Nf6 3. Nc3 Bc5 4. Nxe5 Nc6 5. Nd3 Bd4 6. Qe2 O-O 7. f3 d5 8. Nf2 dxe4 9. Nfxe4 Nxe4 10. fxe4 Ne5 11. h4 Bg4 12. Qb5 Qf6 13. Nd5 Bf2# 0-1


[Site "https://www.chess.com"]